[ AOE2 MATCH · #484183228 ]
Team RMSpanish vs Franks
[ REPLAY ANALYSIS · EXTRACTED FROM THE RECORDED GAME ]
Feudal
12:10
Castle
—
Imperial
—
| APM avg | 16.7 |
| APM peak | 34 |
| eAPM avg | 7.3 |
| Villagers / military | 25 / 3 |
Focus
⚔️ 12.1% · 🌾 87.9%
Fishing Ship ×4 · Spearman ×3
Feudal
12:02
Castle
—
Imperial
—
| APM avg | 13.8 |
| APM peak | 38 |
| eAPM avg | 7.9 |
| Villagers / military | 36 / 4 |
Focus
⚔️ 9.3% · 🌾 90.7%
Militia ×2 · Spearman ×2
Feudal
9:46
Castle
—
Imperial
—
| APM avg | 52.7 |
| APM peak | 95 |
| eAPM avg | 10.4 |
| Villagers / military | 42 / 4 |
Focus
⚔️ 12.6% · 🌾 87.4%
Scout Cavalry ×4
Feudal
13:31
Castle
—
Imperial
—
| APM avg | 29.8 |
| APM peak | 61 |
| eAPM avg | 6.9 |
| Villagers / military | 23 / 4 |
Focus
⚔️ 16.2% · 🌾 83.8%
Archer ×4
Match map
Initial resources + every placement click. Lines = walls · curves = elevation contours. ◆ gold · ⬟ stone · ● berries · ✦ relic · ◌ wall gap
Your base· Open — unwalled flank
ÑaToroo's base· Open — unwalled flank
Duke's base· Open — unwalled flank
Tsd's base· Open — unwalled flank
Smoothed initial terrain · ◌ = detected wall gap · hover for details
Inputs per minute
— babayega - - ÑaToroo
Build order — babayega
63 actions detected in the replay
| 0:04 | Create | Villager (Male) |
| 0:05 | Create | Villager (Male) |
| 0:05 | Create | Villager (Male) |
| 0:10 | Build | House |
| 0:15 | Build | House |
| 1:29 | Create | Villager (Male) |
| 1:54 | Create | Villager (Male) |
| 2:27 | Create | Villager (Male) |
| 2:36 | Build | House |
| 2:37 | Build | House |
| 3:10 | Create | Villager (Male) |
| 3:12 | Create | Villager (Male) |
| 3:49 | Create | Villager (Male) |
| 4:31 | Create | Villager (Male) |
| 4:33 | Create | Villager (Male) |
| 5:03 | Build | Mill |
| 5:15 | Build | Mill |
| 5:22 | Build | House |
| 5:36 | Create | Villager (Male) |
| 5:36 | Create | Villager (Male) |
| 6:08 | Build | Farm |
| 6:19 | Create | Villager (Male) |
| 6:38 | Build | Farm |
| 6:45 | Create | Villager (Male) |
| 6:55 | Build | Farm |
| 7:20 | Build | Farm |
| 7:24 | Create | Villager (Male) |
| 7:26 | Create | Villager (Male) |
| 7:43 | Create | Villager (Male) |
| 7:52 | Build | Farm |
| 8:17 | Build | Farm |
| 8:53 | Build | Lumber Camp |
| 9:12 | Create | Villager (Male) |
| 9:52 | Build | Farm |
| 10:00 | Research | Feudal Age |
| 10:14 | Research | Loom |
| 11:01 | Build | House |
| 11:02 | Build | House |
| 11:03 | Build | House |
| 11:04 | Build | House |
| 11:06 | Build | House |
| 11:45 | Build | Dock |
| 12:10 | Age | Feudal Age |
| 12:16 | Create | Villager (Male) |
| 12:57 | Build | Dock |
| 13:12 | Build | Farm |
| 13:13 | Create | Villager (Male) |
| 13:15 | Create | Villager (Male) |
| 13:30 | Build | Barracks |
| 13:44 | Create | Fishing Ship |
| 13:44 | Create | Fishing Ship |
| 13:44 | Create | Fishing Ship |
| 13:45 | Create | Fishing Ship |
| 14:21 | Build | Mining Camp |
| 14:28 | Create | Villager (Male) |
| 14:30 | Create | Villager (Male) |
| 14:35 | Research | Double-Bit Axe |
| 14:53 | Research | Horse Collar |
| 15:03 | Create | Villager (Male) |
| 15:27 | Create | Spearman |
| 15:29 | Create | Spearman |
| 15:31 | Create | Spearman |
| 15:42 | Build | Watch Tower |
Build order — ÑaToroo
71 actions detected in the replay
| 0:01 | Create | Villager (Male) |
| 0:01 | Create | Villager (Male) |
| 0:02 | Create | Villager (Male) |
| 0:02 | Create | Villager (Male) |
| 0:05 | Build | House |
| 0:07 | Build | House |
| 1:51 | Create | Villager (Male) |
| 1:51 | Create | Villager (Male) |
| 2:09 | Create | Villager (Male) |
| 2:09 | Create | Villager (Male) |
| 2:33 | Create | Villager (Male) |
| 3:01 | Create | Villager (Male) |
| 3:01 | Create | Villager (Male) |
| 3:14 | Create | Villager (Male) |
| 3:15 | Create | Villager (Male) |
| 3:26 | Build | House |
| 3:28 | Build | House |
| 3:44 | Create | Villager (Male) |
| 4:16 | Create | Villager (Male) |
| 4:17 | Create | Villager (Male) |
| 4:17 | Create | Villager (Male) |
| 4:34 | Build | Lumber Camp |
| 4:51 | Create | Villager (Male) |
| 5:05 | Create | Villager (Male) |
| 5:25 | Create | Villager (Male) |
| 5:43 | Create | Villager (Male) |
| 6:07 | Create | Villager (Male) |
| 6:23 | Create | Villager (Male) |
| 7:26 | Build | Mill |
| 8:25 | Research | Loom |
| 8:34 | Build | Farm |
| 8:34 | Build | Farm |
| 8:35 | Build | Farm |
| 8:35 | Build | Farm |
| 8:35 | Build | Farm |
| 9:22 | Build | Barracks |
| 9:27 | Build | Farm |
| 9:27 | Build | Farm |
| 9:28 | Build | Farm |
| 9:28 | Build | Farm |
| 9:52 | Research | Feudal Age |
| 10:07 | Build | Farm |
| 10:07 | Build | Farm |
| 10:07 | Build | Farm |
| 10:44 | Build | Farm |
| 10:44 | Build | Farm |
| 11:01 | Build | House |
| 11:02 | Build | House |
| 11:46 | Create | Villager (Male) |
| 11:46 | Create | Villager (Male) |
| 11:46 | Create | Villager (Male) |
| 11:47 | Create | Villager (Male) |
| 12:02 | Age | Feudal Age |
| 12:24 | Build | Town Center |
| 13:25 | Research | Wheelbarrow |
| 14:01 | Create | Villager (Male) |
| 14:01 | Create | Villager (Male) |
| 14:02 | Create | Villager (Male) |
| 14:12 | Create | Villager (Male) |
| 14:13 | Create | Villager (Male) |
| 14:13 | Create | Villager (Male) |
| 14:13 | Create | Villager (Male) |
| 14:18 | Build | Mining Camp |
| 14:25 | Create | Militia |
| 14:26 | Create | Militia |
| 14:56 | Create | Spearman |
| 14:56 | Create | Spearman |
| 15:35 | Build | Archery Range |
| 15:42 | Build | Stable |
| 15:49 | Create | Villager (Male) |
| 15:49 | Create | Villager (Male) |
Build order — Duke
85 actions detected in the replay
| 0:02 | Build | House |
| 0:04 | Build | House |
| 0:06 | Create | Villager (Male) |
| 0:06 | Create | Villager (Male) |
| 0:07 | Create | Villager (Male) |
| 0:07 | Create | Villager (Male) |
| 1:31 | Create | Villager (Male) |
| 1:31 | Create | Villager (Male) |
| 2:06 | Create | Villager (Male) |
| 2:24 | Create | Villager (Male) |
| 2:40 | Build | Lumber Camp |
| 2:58 | Create | Villager (Male) |
| 3:40 | Create | Villager (Male) |
| 3:40 | Create | Villager (Male) |
| 3:55 | Create | Villager (Male) |
| 4:07 | Create | Villager (Male) |
| 4:13 | Build | House |
| 4:14 | Build | House |
| 4:33 | Create | Villager (Male) |
| 4:34 | Create | Villager (Male) |
| 4:34 | Create | Villager (Male) |
| 4:42 | Create | Villager (Male) |
| 5:11 | Build | Mill |
| 5:44 | Create | Villager (Male) |
| 5:44 | Create | Villager (Male) |
| 5:44 | Create | Villager (Male) |
| 6:04 | Create | Villager (Male) |
| 6:52 | Research | Loom |
| 7:36 | Research | Feudal Age |
| 8:31 | Build | Barracks |
| 9:14 | Build | Farm |
| 9:16 | Build | Farm |
| 9:37 | Build | Farm |
| 9:39 | Create | Villager (Male) |
| 9:39 | Create | Villager (Male) |
| 9:39 | Create | Villager (Male) |
| 9:46 | Age | Feudal Age |
| 9:48 | Build | House |
| 10:25 | Build | Stable |
| 10:33 | Create | Villager (Male) |
| 10:33 | Create | Villager (Male) |
| 10:52 | Create | Villager (Male) |
| 10:52 | Create | Villager (Male) |
| 11:02 | Build | Farm |
| 11:16 | Build | Farm |
| 11:25 | Build | Farm |
| 11:31 | Build | Farm |
| 11:37 | Create | Scout Cavalry |
| 11:37 | Create | Scout Cavalry |
| 11:37 | Create | Scout Cavalry |
| 11:48 | Build | Farm |
| 12:00 | Create | Villager (Male) |
| 12:07 | Create | Villager (Male) |
| 12:19 | Create | Scout Cavalry |
| 12:25 | Build | Farm |
| 12:27 | Build | Farm |
| 12:32 | Build | Farm |
| 12:36 | Build | Farm |
| 12:51 | Create | Villager (Male) |
| 12:52 | Create | Villager (Male) |
| 13:11 | Build | Blacksmith |
| 13:32 | Create | Villager (Male) |
| 13:43 | Create | Villager (Male) |
| 13:46 | Build | Farm |
| 14:02 | Create | Villager (Male) |
| 14:15 | Build | House |
| 14:16 | Build | House |
| 15:01 | Research | Scale Barding Armor |
| 15:02 | Research | Forging |
| 15:18 | Create | Villager (Male) |
| 15:18 | Create | Villager (Male) |
| 15:32 | Create | Villager (Male) |
| 16:28 | Build | Mining Camp |
| 16:51 | Create | Villager (Male) |
| 16:51 | Create | Villager (Male) |
| 17:12 | Research | Wheelbarrow |
| 17:32 | Research | Double-Bit Axe |
| 18:05 | Build | Farm |
| 18:06 | Build | Farm |
| 18:07 | Build | Farm |
| 18:08 | Build | Farm |
| 18:09 | Build | Farm |
| 18:11 | Build | Farm |
| 18:46 | Create | Villager (Male) |
| 18:46 | Create | Villager (Male) |
Build order — Tsd
58 actions detected in the replay
| 0:06 | Research | Loom |
| 1:36 | Create | Villager (Male) |
| 1:57 | Create | Villager (Male) |
| 2:37 | Build | Lumber Camp |
| 2:58 | Create | Villager (Male) |
| 2:58 | Create | Villager (Male) |
| 2:58 | Create | Villager (Male) |
| 3:39 | Create | Villager (Male) |
| 3:59 | Build | House |
| 4:14 | Build | House |
| 5:32 | Create | Villager (Male) |
| 5:32 | Create | Villager (Male) |
| 5:32 | Create | Villager (Male) |
| 5:40 | Build | House |
| 5:42 | Build | House |
| 5:45 | Build | House |
| 7:20 | Build | Palisade Wall |
| 7:22 | Build | Palisade Wall |
| 7:27 | Build | Palisade Gate |
| 8:01 | Build | Palisade Wall |
| 8:15 | Create | Villager (Male) |
| 8:16 | Create | Villager (Male) |
| 8:16 | Create | Villager (Male) |
| 8:16 | Create | Villager (Male) |
| 8:17 | Create | Villager (Male) |
| 8:47 | Build | Mill |
| 9:48 | Build | Farm |
| 11:00 | Build | Farm |
| 11:03 | Build | Farm |
| 11:07 | Build | Farm |
| 11:10 | Build | Farm |
| 11:21 | Research | Feudal Age |
| 12:15 | Create | Villager (Male) |
| 12:15 | Create | Villager (Male) |
| 12:53 | Build | Barracks |
| 13:31 | Age | Feudal Age |
| 13:36 | Build | Archery Range |
| 13:38 | Build | Archery Range |
| 13:51 | Research | Double-Bit Axe |
| 13:53 | Research | Horse Collar |
| 13:59 | Build | Farm |
| 14:28 | Build | Mining Camp |
| 14:33 | Create | Villager (Male) |
| 14:33 | Create | Villager (Male) |
| 14:34 | Create | Villager (Male) |
| 15:10 | Build | Blacksmith |
| 15:39 | Create | Villager (Male) |
| 16:00 | Build | Farm |
| 16:04 | Build | Farm |
| 16:06 | Research | Padded Archer Armor |
| 18:06 | Create | Villager (Male) |
| 18:06 | Create | Villager (Male) |
| 18:06 | Create | Villager (Male) |
| 18:11 | Create | Archer |
| 18:11 | Create | Archer |
| 18:14 | Create | Archer |
| 18:14 | Create | Archer |
| 18:28 | Research | Fletching |
Match timeline
| 7:20 | Tsd · wall_segment Palisade Wall x1 |
| 7:22 | Tsd · wall_segment Palisade Wall x1 |
| 8:01 | Tsd · wall_segment Palisade Wall x8 |
| 8:31 | Duke · first_building Barracks |
| 9:22 | ÑaToroo · first_building Barracks |
| 9:46 | Duke · age_up feudal |
| 10:25 | Duke · first_building Stable |
| 11:45 | babayega · first_building Dock |
| 12:02 | ÑaToroo · age_up feudal |
| 12:10 | babayega · age_up feudal |
| 12:53 | Tsd · first_building Barracks |
| 13:30 | babayega · first_building Barracks |
| 13:31 | Tsd · age_up feudal |
| 13:36 | Tsd · first_building Archery Range |
| 15:35 | ÑaToroo · first_building Archery Range |
| 15:42 | ÑaToroo · first_building Stable |
| 17:34 | ÑaToroo · resign |
[ AI ANALYSIS · 1 CREDIT ]
What really happened in this match?
Wolo.gg analyzes every decision: build order, eco, micro, common mistakes by bracket. Personalized analysis on WhatsApp or Discord in 30 seconds.
Civ guide
Spanish
Map guide
Seasons
Perfil
Jugador #1628921